 Dungeon Crawl Stone Soup version 0.24.0-123-gd5b16e6ec5 (webtiles) character file.

Game seed: 3917312213797183342, levelgen mode: deterministic

18 IrvingSpaghetti the Conjurer (level 2, -3/19 HPs)
             Began as a Human Conjurer on Dec 22, 2019.
             Slain by a gnoll
             ... wielding a cursed -1 club
              (7 damage)
             ... on level 2 of the Dungeon.
             The game lasted 00:06:30 (555 turns).

IrvingSpaghetti the Conjurer (Human Conjurer)        Turns: 555, Time: 00:06:31

Health: -3/19      AC:  3    Str:  8    XL:     2   Next: 85%
Magic:  14/14      EV: 12    Int: 15    God:
Gold:   13         SH:  0    Dex: 13    Spells: 2/5 levels left

rFire    . . .     SeeInvis .   e - +0 hunting sling
rCold    . . .     Gourm    .   (no shield)
rNeg     . . .     Faith    .   h - +0 leather armour
rPois    .         Spirit   .   (no helmet)
rElec    .         Reflect  .   (no cloak)
rCorr    +         Harm     .   (no gloves)
MR       .....                  (no boots)
Stlth    ++........             (no amulet)
HPRegen  0.06/turn              k - ring of resist corrosion
MPRegen  0.14/turn              d - ring of magical power

@: no status effects
A: no striking features
a: no special abilities


You were on level 2 of the Dungeon.
You were not hungry.

You visited 1 branch of the dungeon, and saw 3 of its levels.

You collected 13 gold pieces.

Inventory:

Hand Weapons
 b - a +2 antimagic mace
 e - a +0 hunting sling (weapon)
 g - a +0 hand axe
Missiles
 f - 41 stones (quivered)
Armour
 a - a +0 robe
 h - a +0 leather armour (worn)
Jewellery
 d - a ring of magical power (right hand)
 k - a ring of resist corrosion (left hand)
Scrolls
 i - a scroll of identify {unknown}
 j - a scroll of teleportation {unknown}
Comestibles
 c - 2 rations
 l - a chunk of flesh


   Skills:
 - Level 2.0 Dodging
 + Level 3.3 Stealth
 - Level 2.0 Spellcasting
 - Level 4.0 Conjurations


You had 2 spell levels left.
You knew the following spells:

 Your Spells              Type           Power        Failure   Level  Hunger
a - Magic Dart            Conj           ##..         6%          1    #......
b - Searing Ray           Conj           ##....       10%         2    ###....

Your spell library contained the following spells:

 Spells                   Type           Power        Failure   Level  Hunger
 Dazzling Spray           Conj/Hex       #.....       38%         3    ###....
 Iskenderun's Mystic Bla  Conj           ##......     52%         4    #####..
 Force Lance              Conj/Tloc      #.......     80%         4    #####..
 Fulminant Prism          Conj/Hex       #.........   80%         4    #####..


Dungeon Overview and Level Annotations

Branches:
Dungeon (3/15)

Altars:


Message History

(Press . to maintain the ray.)
The searing ray hits the gnoll.
The gnoll is moderately wounded.
The gnoll barely misses you.
The searing ray hits the gnoll.
The gnoll is severely wounded.
The gnoll barely misses you.
The searing ray hits the gnoll!
The gnoll is severely wounded.
You finish channeling your searing ray.
The gnoll hits you but does no damage. The gnoll barely misses you.
The gnoll hits you with a cursed -1 club.
* * * LOW HITPOINT WARNING * * *
The kobold hits you but does no damage.
Found 10 stones.
The kobold hits you with a +0 short sword.
* * * LOW HITPOINT WARNING * * *
You aren't carrying any potions.
The gnoll hits you with a cursed -1 club!
You die...

#. #.#<[.#... #.##†##w.....
########## #....#..#.#..
#........# #............
#........# ##......#.#.#
#........# ####...........
#........# ##......#......#
#........###...#..#.......##
#.....>...g@.###..#####...##
#.......g######...######....
#........##..............###
#........##.#...#........###
#.<...........###...........
########..#.### #........###
#..........# ##.#########
#.....#..### #..#....K.g.
#.......## #....#######


You could see 2 gnolls.

Vanquished Creatures
  An adder (D:2)
  A goblin (D:2)
  2 hobgoblins
  2 quokkas (D:2)
  A bat (D:2)
  2 rats
9 creatures vanquished.

Notes
Turn   | Place    | Note
-------+----------+-------------------------------------------
     0 | D:1      | IrvingSpaghetti the Human Conjurer began the quest for the
                  | Orb.
     0 | D:1      | Reached XP level 1. HP: 13/13 MP: 3/3
   214 | D:3      | Noticed an orc wizard
   215 | D:3      | Noticed an orc priest
   215 | D:3      | Noticed an orc wizard
   280 | D:2      | Reached XP level 2. HP: 19/19 MP: 5/5
   284 | D:2      | Learned a level 2 spell: Searing Ray
   555 | D:2      | Slain by a gnoll

Levels and vault maps discovered:
D:1:      elethiomel_arrival_maze, layout_rooms, minivault_27
D:2:      layout_rooms, old_standard_altar, nicolae_ru_the_path_less_chosen
D:3:      layout_basic, eat_drink_and_be_merry_uskayaw, tgw_trog, uniq_natasha

Skill      XL: |  1  2 |
---------------+-------+-----
Stealth        | 3 |  3.3
Dodging        | |  2.0
Spellcasting   | |  2.0
Conjurations   | |  4.0

Action                   || total
-------------------------++-------
 Fire: Hunting sling     ||     7
 Cast: Magic Dart        ||    12
       Searing Ray       ||     2
Armor: Leather armour    ||     3
Dodge: Dodged            ||    15
